 Dungeon Crawl Stone Soup version 0.24-a0-715-g0b739ee41d (webtiles) character file.

Game seed: 7242207293632636496, levelgen mode: deterministic

4729 MisterFreud the Grappler (level 10, -5/85 HPs)
             Began as a Troll Hunter on Sept 30, 2019.
             Was a Priest of Okawaru.
             Splashed by a jelly's acid (9 damage)
             ... on level 8 of the Dungeon.
             The game lasted 00:12:10 (6016 turns).

MisterFreud the Grappler (Troll Hunter)             Turns: 6016, Time: 00:12:11

Health: -5/85      AC:  9    Str: 25    XL:     10   Next: 22%
Magic:  12/12      EV: 12    Int:  7    God:    Okawaru [***...]
Gold:   391        SH:  0    Dex: 10    Spells: 9/9 levels left

rFire    . . .     SeeInvis .     - Unarmed
rCold    . . .     Gourm    +   (no shield)
rNeg     . . .     Faith    .   b - +1 robe
rPois    .         Spirit   .   (helmet restricted)
rElec    .         Reflect  .   (no cloak)
rCorr    .         Harm     .   (gloves unavailable)
MR       .....                  (boots unavailable)
Stlth    ++........             (no amulet)
HPRegen  0.64/turn              p - ring of stealth
MPRegen  0.13/turn              i - +2 ring of protection

@: no status effects
A: large, unfitting armour, claws 3, fast metabolism 3, gourmand, regeneration
1, shaggy fur 1, tough skin 3
a: Heroism, Renounce Religion


You were on level 8 of the Dungeon.
You worshipped Okawaru.
Okawaru was most pleased with you.
You were full.

You visited 2 branches of the dungeon, and saw 9 of its levels.

You collected 391 gold pieces.

Inventory:

Missiles
 c - 5 large rocks (quivered)
 d - 2 throwing nets
 h - 73 arrows
 j - 176 stones
 t - 44 bolts
 v - 57 sling bullets
 A - 7 boomerangs
Armour
 b - a +1 robe (worn)
 x - a +0 robe of resistance
Jewellery
 a - an uncursed ring of resist corrosion
 e - a +2 ring of strength
 i - a +2 ring of protection (right claw)
 p - a ring of stealth (left claw)
 y - a +6 ring of strength
Wands
 B - a wand of enslavement (8)
 D - a wand of polymorph (6)
Scrolls
 m - 3 scrolls of teleportation
 r - 3 scrolls of blinking
 s - 3 scrolls of amnesia
 u - a scroll of fog
 w - 2 scrolls of remove curse
 z - a scroll of identify
 C - a scroll of enchant armour
Potions
 g - 2 potions of brilliance
 k - 2 potions of curing
 l - a potion of cancellation
 n - 3 potions of heal wounds
 o - a potion of resistance
 q - 3 potions of haste
 E - a potion of agility
Comestibles
 f - 20 rations


   Skills:
 - Level 1.5 Fighting
 - Level 6.0 Throwing
 + Level 7.3 Dodging
 - Level 0.3 Stealth
 - Level 10.2 Unarmed Combat
 - Level 4.0 Invocations


You had 9 spell levels left.
You didn't know any spells.
Your spell library contained the following spells:

 Spells                   Type           Power        Failure   Level  Hunger
 Sandblast                Erth           #.....       43%         1    ##.....
 Passwall                 Tmut/Erth      #.......     56%         2    ###....
 Stone Arrow              Conj/Erth      #.....       80%         3    ####...
 Petrify                  Tmut/Erth      #.......     99%         4    #####..
 Lee's Rapid Deconstruct  Erth           #.........   100%        5    ######.


Dungeon Overview and Level Annotations

Branches:
Dungeon (8/15)             Temple (1/1) D:5
   Lair: D:8-11

Altars:
Ashenzari
Cheibriados
Dithmenos
Elyvilon
Fedhas
Gozag
Hepliaklqana
Kikubaaqudgha
Makhleb
Nemelex Xobeh
Okawaru
Qazlal
Ru
Sif Muna
Trog
Uskayaw
Vehumet
Wu Jian
Xom
Yredelemnul
Zin
The Shining One

Annotations:
D:7 3 runed translucent doors, tmwh's ghost, novice GnTm
D:8 3 runed translucent doors, Dexcius's ghost, novice MiBe


Innate Abilities, Weirdness & Mutations

You are too large for most types of armour.
You have claws for hands.
Your metabolism is lightning-fast.
You like to eat raw meat.
Your natural rate of healing is unusually fast.
You are covered in fur. (AC +1)
You have extremely tough skin. (AC +3)


Message History

You scratch the centaur but do no damage.
The centaur is almost dead.
The centaur hits you.
* * * LOW HITPOINT WARNING * * *
You barely miss the centaur.
The centaur is almost dead.
The centaur closely misses you. The jelly completely misses you.
The centaur hits you.
* * * LOW HITPOINT WARNING * * *
You scratch the centaur.
You kill the centaur!
Okawaru accepts your kill. The jelly closely misses you.
You claw the jelly!
Your claws burn!
* * * LOW HITPOINT WARNING * * *
The jelly is almost dead.
The jelly hits you.
* * * LOW HITPOINT WARNING * * *
You are splashed with acid!
You die...

#)#...##.#......J...#
))#.#........#.#.#..# ###.
###.#.....##.#.#.##.# .....
....+.....##.#......#...#
...##.............#.....##
...##......####.#..........
...##......#..†...########.
...##......#†##.J.#
...##......#...(@)########.
...####....#####...........
#### #.#........##########
#.#.##)..###
#######.#.#.)...#
.##∩8∩###.#.)...#
.#.....##.#.....#
.+J$.$8##.#.....#
.+F_8.∩##.#.....#


You could see a jelly.

Vanquished Creatures
  Pikel (D:6)
  A spriggan (D:7)
  6 yaks (D:6)
  A sky beast (D:6)
  4 slaves (D:6)
  2 orc warriors
  A hornet zombie (D:6)
  2 ice beasts
  A necrophage (D:8)
  2 phantoms
  3 ogres
  2 centaurs
  A bullfrog (D:6)
  A scorpion (D:7)
  5 wights (D:7)
  14 killer bees
  2 crimson imps (D:6)
  3 howler monkeys (D:7)
  2 bullfrog zombies
  A quasit (D:7)
  4 orc wizards
  4 orc priests (D:4)
  5 hounds
  An iguana (D:4)
  6 worker ants
  2 hound zombies
  A hound skeleton (D:4)
  8 adders
  4 gnolls
  2 shadow imps
  An adder skeleton (D:5)
  2 adder zombies
  4 worms
  A dart slug (D:1)
  3 leopard geckos
  32 orcs
  2 ball pythons
  4 bats
  A giant cockroach (D:4)
  5 goblins
  4 hobgoblins
  10 jackals
  6 kobolds
  4 quokkas
  5 frilled lizards
  2 jackal skeletons
  A leopard gecko zombie (D:5)
  A quokka zombie (D:7)
  7 rats
187 creatures vanquished.

Notes
Turn   | Place    | Note
-------+----------+-------------------------------------------
     0 | D:1      | MisterFreud the Troll Hunter began the quest for the Orb.
     0 | D:1      | Reached XP level 1. HP: 19/19 MP: 0/0
    35 | D:1      | Reached skill level 1 in Unarmed Combat
    61 | D:1      | Reached XP level 2. HP: 27/27 MP: 1/1
   229 | D:1      | Reached skill level 2 in Unarmed Combat
   787 | D:2      | Reached XP level 3. HP: 31/33 MP: 2/2
   861 | D:2      | Reached skill level 3 in Unarmed Combat
  1423 | D:3      | Reached XP level 4. HP: 31/41 MP: 3/3
  1469 | D:3      | Reached skill level 4 in Unarmed Combat
  1679 | D:3      | Found an opulent altar of Gozag.
  1961 | D:3      | Reached XP level 5. HP: 13/48 MP: 4/4
  1965 | D:3      | Reached skill level 5 in Unarmed Combat
  2061 | D:4      | Noticed an ogre
  2118 | D:4      | Killed an ogre
  2118 | D:4      | Reached skill level 6 in Unarmed Combat
  2118 | D:4      | Reached XP level 6. HP: 34/55 MP: 5/5
  2194 | D:4      | Found a hazy altar of Hepliaklqana.
  2307 | D:4      | Reached XP level 7. HP: 8/62 MP: 6/6
  2530 | D:4      | Found a hide-covered altar of Uskayaw.
  2541 | D:4      | Found an opulent altar of Gozag.
  2541 | D:4      | Found a shimmering altar of Xom.
  2562 | D:4      | Found a white marble altar of Elyvilon.
  2637 | D:5      | Entered Level 5 of the Dungeon
  2743 | D:5      | Reached skill level 7 in Unarmed Combat
  2919 | D:5      | Found a staircase to the Ecumenical Temple.
  2929 | Temple   | Entered the Ecumenical Temple
  3060 | Temple   | Became a worshipper of Warmaster Okawaru
  3151 | D:5      | Reached XP level 8. HP: 67/70 MP: 7/7
  3258 | D:5      | Found a shadowy altar of Dithmenos.
  3312 | D:5      | Reached skill level 8 in Unarmed Combat
  3726 | D:6      | Reached skill level 9 in Unarmed Combat
  3733 | D:6      | Reached * piety under Okawaru
  3740 | D:6      | Reached skill level 10 in Unarmed Combat
  3785 | D:6      | Reached XP level 9. HP: 62/76 MP: 8/8
  4104 | D:6      | Noticed Pikel
  4116 | D:6      | Killed Pikel
  4116 | D:6      | Reached ** piety under Okawaru
  4116 | D:6      | Reached skill level 5 in Throwing
  4116 | D:6      | Reached skill level 5 in Dodging
  4325 | D:6      | Found a stormy altar of Qazlal.
  4634 | D:7      | Reached skill level 1 in Invocations
  4979 | D:7      | Found a runed translucent gate.
  4979 | D:7      | Found a runed translucent gate.
  5000 | D:7      | Found a runed translucent gate.
  5005 | D:7      | Noticed tmwh's ghost (novice GnTm)
  5010 | D:7      | Noticed a gargoyle
  5213 | D:7      | Reached *** piety under Okawaru
  5226 | D:7      | Reached XP level 10. HP: 82/85 MP: 11/11
  5743 | D:8      | Found a runed translucent gate.
  5743 | D:8      | Found a runed translucent gate.
  5743 | D:8      | Found a runed translucent gate.
  5744 | D:8      | Found an opulent altar of Gozag.
  5745 | D:8      | Noticed Dexcius's ghost (novice MiBe)
  6016 | D:8      | HP: 4/85 [jelly (2)]
  6016 | D:8      | Splashed by a jelly's acid

Levels and vault maps discovered:
D:1:      psy_arrival_statuary, layout_basic
D:2:      layout_basic, first_ration
D:3:      layout_basic, serial_bayou_lagoon_a,
          nicolae_gozag_cash_rules_everything_around_me
D:4:      layout_rooms, lemuel_doored_altar, grunt_temple_overflow_open
D:5:      layout_cave_pods, kennysheep_mini, lemuel_temple_firewalk_b
D:6:      layout_loops_ring, serial_rivers, chequers_serial_rivers_small_a,
          chequers_serial_rivers_small_3, chequers_serial_rivers_micro_c,
          chequers_serial_rivers_room_b, chequers_serial_rivers_small_a,
          chequers_serial_rivers_room_b, nicolae_qazlal_general_emergency,
          uniq_pikel
D:7:      layout_basic, gammafunk_ghost_split, the_bakery
D:8:      layout_basic, ebering_ghost_gozag
Temple:   nicolae_temple_elliptical

Skill      XL: |  1  2  3  4  5  6  7  8  9 10 |
---------------+-------------------------------+-----
Unarmed Combat | 1 2 3 4 6 7 10 | 10.2
Dodging        | 3 4 6 7 |  7.3
Throwing       | 4 6 |  6.0
Invocations    | 3 4 |  4.0
Fighting       | |  1.5
Stealth        | |  0.3

Action                   |  1- 3 |  4- 6 |  7- 9 | 10-12 || total
-------------------------+-------+-------+-------+-------++-------
Melee: Short sword       |   150 |    36 |       |       ||   186
       Punch             |     3 |     6 |    10 |     5 ||    24
       Unarmed           |       |   111 |   288 |   127 ||   526
  Use: Scroll            |     7 |       |     6 |     4 ||    17
       Potion            |       |       |     1 |       ||     1
 Stab: Sleeping          |     2 |       |     3 |       ||     5
  Eat: Chunk             |    12 |    15 |    26 |     4 ||    57
Armor: Robe              |    76 |    73 |    82 |    58 ||   289
Dodge: Dodged            |    80 |    91 |   127 |   107 ||   405

Table legend:
 A = Non-vault XP
 B = Vault XP
 C = Vault XP percentage of total XP
 D = Non-vault monster count
 E = Vault monster count
 F = Vault count percentage of total count
                 A         B        C        D         E       F
            +---------+---------+-------+---------+---------+-------
      Total |    5925 |     832 |  12.3 |     181 |       2 |   1.1
            +---------+---------+-------+---------+---------+-------
        D:1 |      34 |       0 |   0.0 |      19 |       0 |   0.0
        D:2 |      59 |       0 |   0.0 |      14 |       0 |   0.0
        D:3 |     198 |       0 |   0.0 |      22 |       0 |   0.0
        D:4 |     661 |       0 |   0.0 |      29 |       0 |   0.0
        D:5 |     571 |       0 |   0.0 |      16 |       0 |   0.0
        D:6 |    2117 |     617 |  22.6 |      26 |       1 |   3.7
        D:7 |    1376 |     215 |  13.5 |      33 |       1 |   2.9
        D:8 |     909 |       0 |   0.0 |      22 |       0 |   0.0
            +---------+---------+-------+---------+---------+-------
